 Dungeon Crawl Stone Soup version 0.18-a0-1702-gd20c6a5 (webtiles) character file.

149254 Murumi the Bringer of Life (level 18, -3/143 HPs)
             Began as a Formicid Fighter on Apr 6, 2016.
             Was the Champion of Elyvilon.
             Drowned by a water elemental (9 damage)
             ... on level 3 of the Shoals.
             The game lasted 03:27:01 (34653 turns).

Murumi the Bringer of Life (Formicid Fighter)      Turns: 34653, Time: 03:27:02

Health: -3/143     AC: 23    Str: 26    XL:     18   Next: 13%
Magic:  0/10       EV: 11    Int: 13    God:    Elyvilon [******]
Gold:   706        SH: 22    Dex: 10    Spells: 0 memorised, 17 levels left

rFire  + . .     SeeInvis +     e - +2 double sword "Qubou" {antimagic, Int+2}
rCold  + . .     Gourm    .     x - +1 plate armour {rF+}
rNeg   + . .     Faith    .     R - +1 large shield
rPois  .         Spirit   +     (helmet unavailable)
rElec  .         Dismiss  .     O - +1 cloak
rCorr  .         Reflect  .     A - +1 pair of gloves {archery}
SustAt .         Harm     .     s - +0 pair of boots (curse)
MR     +....                    T - amulet of guardian spirit
Stlth  ..........               n - ring of positive energy
                                h - ring of protection from cold

@: engulfed (cannot breathe), somewhat resistant to hostile enchantments,
extremely unstealthy
A: permanent stasis, dig shafts and tunnels, four strong arms, antennae 3
a: Dig, Shaft Self, Lesser Healing, Heal Other, Purification, Greater Healing,
Divine Vigour, Divine Protection, Renounce Religion


You were on level 3 of the Shoals.
You worshipped Elyvilon.
Elyvilon was exalted by your worship.
You were near starving.

You visited 5 branches of the dungeon, and saw 30 of its levels.
You also visited: Volcano.

You collected 3232 gold pieces.
You spent 2526 gold pieces at shops.

Inventory:

Hand Weapons
 e - the +2 double sword "Qubou" (weapon) {antimagic, Int+2}
   (You acquired it on level 12 of the Dungeon)

   It disrupts the flow of magical energy around spellcasters and certain
   magical creatures (including the wielder).
   It affects your intelligence (+2).
 f - the +12 arbalest "Eproqela" {velocity, rElec Dex+6}
   (You bought it in a shop on level 2 of the Orcish Mines)

   Any bolt fired from it inflicts extra damage.
   It affects your dexterity (+6).
   It insulates you from electricity.
 t - a +1 falchion of flaming
Missiles
 c - 5 poisoned bolts
 u - 70 bolts
 I - 10 silver bolts
 X - 13 bolts of frost
Armour
 s - a cursed +0 pair of boots (worn)
 x - a +1 plate armour of fire resistance (worn)
 A - a +1 pair of gloves of archery (worn)
 O - a +1 cloak (worn)
 R - a +1 large shield (worn)
Jewellery
 b - an uncursed ring of sustain attributes
 h - a ring of protection from cold (left hand)
 i - an uncursed amulet of regeneration
 n - a ring of positive energy (right hand)
 T - an amulet of guardian spirit (around neck)
Wands
 q - a wand of acid (7/15)
 w - a wand of lightning (7/15)
 y - a wand of iceblast (7/15)
 C - a wand of flame (40/48)
 J - a wand of lightning (9/15)
 L - a wand of acid (4/15)
 M - a wand of flame (25/48)
 N - a wand of disintegration (12/24)
 P - a wand of iceblast (8/15)
 V - a wand of iceblast (8/15)
 W - a wand of lightning (7/15)
 Y - a wand of flame (25/48)
Scrolls
 a - 2 scrolls of fog
 l - 15 scrolls of remove curse
 m - 8 scrolls of enchant weapon
 r - 6 scrolls of amnesia
 B - 2 scrolls of vulnerability
 D - 5 scrolls of identify
 H - 2 scrolls of magic mapping
 S - 2 scrolls of recharging
 U - 2 scrolls of enchant armour
Potions
 d - 2 potions of agility
 k - 5 potions of curing
 o - 2 potions of ambrosia
 v - 6 potions of flight
 F - 4 potions of brilliance
 G - a potion of resistance
 K - 2 potions of might
 Q - 4 potions of heal wounds
Comestibles
 g - 30 fruits
 j - 10 beef jerkies
 p - 6 meat rations
 z - 21 royal jellies
 E - 19 bread rations


   Skills:
 - Level 13.0 Fighting
 + Level 11.7 Long Blades
 - Level 11.0 Crossbows
 - Level 13.0 Armour
 - Level 10.0 Dodging
 - Level 15.0 Shields
 - Level 16.0 Invocations


You had 17 spell levels left.
You didn't know any spells.

Dungeon Overview and Level Annotations

Branches:
Dungeon (15/15)            Temple (1/1) D:4            Lair (8/8) D:8
 Shoals (4/4) Lair:5       Spider (0/4) Lair:5        Slime (0/6) Lair:6
    Orc (2/2) D:11            Elf (0/3) Orc:2        Vaults (0/5) D:13
 Depths (0/5) D:15

Altars:
Ashenzari
Cheibriados
Dithmenos
Elyvilon
Fedhas
Gozag
Kikubaaqudgha
Makhleb
Nemelex Xobeh
Okawaru
Pakellas
Qazlal
Ru
Sif Muna
Trog
Vehumet
Xom
Yredelemnul
Zin
The Shining One
Jiyva

Shops:
D:5 *   D:10 *   D:12 !   Orc:2 (*[=

Annotations:
Lair:2 exclusion: oklob plant
Shoals:4 Polyphemus


Innate Abilities, Weirdness & Mutations

You are under a permanent stasis effect.
You can dig through walls and to a lower floor.
Your four strong arms can wield two-handed weapons with a shield.
You have a pair of large antennae on your head (SInv).


Message History

You slash the water elemental!
The water elemental is almost destroyed.
* * * LOW HITPOINT WARNING * * *
Your lungs strain for air!
You block the sea snake's attack. You block the water elemental's attack.
Drink which item? (? for menu, Esc to quit)
You feel better.
* * * LOW HITPOINT WARNING * * *
Your lungs strain for air!
You block the sea snake's attack. You block the water elemental's attack.
The sea snake completely misses you.
You hit the water elemental.
The water elemental is almost destroyed.
* * * LOW HITPOINT WARNING * * *
Your lungs strain for air!
You block the water elemental's attack.
The sea snake bites you but does no damage.
Your plate armour prevents you from hitting the water elemental.
The water elemental is almost destroyed.
You die...

≈≈≈≈≈≈≈≈≈≈≈≈≈≈≈≈≈≈≈≈≈≈≈≈≈
^##.≈≈≈≈≈≈≈≈≈≈≈≈≈≈≈≈≈≈≈≈≈
##..≈≈≈≈≈≈≈≈≈≈≈≈≈≈≈≈≈≈≈≈≈
....≈≈≈≈≈≈≈≈≈≈≈≈.≈≈≈≈≈≈≈≈
...≈≈≈≈≈≈≈≈≈≈≈...≈≈≈≈≈≈≈≈
≈..≈≈≈≈≈≈≈≈≈≈≈###..≈≈≈≈≈≈
..≈≈≈≈≈≈≈≈≈≈≈.###..≈≈≈≈≈≈
≈≈..≈≈≈≈≈≈≈≈..##S..≈≈≈≈≈≈
≈...≈...≈≈≈≈≈..E@.≈≈≈≈≈≈≈
....####≈≈≈≈≈≈≈≈)≈≈≈≈≈≈≈≈
....# #.≈≈≈≈≈≈≈≈≈≈≈≈≈≈≈≈≈
....###...(≈≈≈≈≈≈≈≈≈≈≈≈≈≈
.....####...≈≈≈≈≈≈≈≈≈≈≈≈≈
......##....≈≈≈≈≈≈≈≈≈≈≈≈≈
≈.............≈≈≈≈≈≈≈≈≈≈
≈≈≈≈....≈≈.##.≈≈≈≈≈≈≈≈≈≈
≈≈≈≈≈≈≈≈≈≈≈..≈≈≈≈≈≈≈≈≈≈≈


You could see a sea snake and a water elemental.

Vanquished Creatures
  Rupert (D:15)
  Frances (D:13)
  Kirke (Lair:6)
  The ghost of nago the Black Belt, an adept DsWn of Fedhas (D:15)
  An orc warlord (Orc:2)
  The ghost of P0WERM0DE the Martial Artist, a journeyman OpMo of Ashenzari (D:12)
  Nessos (Orc:2)
  The ghost of Etesian the Cleaver, a journeyman DrFi of Makhleb (Lair:2)
  A merfolk javelineer (Shoals:3)
  4 vault guards (D:13)
  Josephine (Lair:8)
  4 merfolk impalers
  6 hydras
  2 catoblepae
  5 merfolk avatars
  A death knight (D:13)
  3 merfolk aquamancers
  An ogre mage (D:13)
  A tengu warrior (D:15)
  19 death yaks
  An orc high priest (Orc:2)
  A deep elf knight (D:15)
  Urug (D:15)
  A fire crab (Volcano)
  3 unseen horrors
  2 skeletal warriors (D:13)
  2 sea snakes (Shoals:1)
  The ghost of Etesian the Destroyer, a novice DECj of Vehumet (D:11)
  5 harpies (Shoals:2)
  Pikel (D:7)
  5 orc knights
  6 statues (Volcano)
  A necromancer (D:15)
  3 deep elf magi
  A wolf spider (Lair:8)
  An obsidian statue (D:13)
  9 fauns
  6 hill giants
  2 hornets (Lair:8)
  5 orc sorcerers
  3 griffons
  2 ugly things (D:12)
  2 wolf spider zombies (D:15)
  12 manticores
  5 cyclopes
  A wizard (D:15)
  6 centaur zombies
  4 elephants (Lair:7)
  8 sirens
  Joseph (D:8)
  A guardian serpent (Lair:8)
  4 water nymphs
  An ice statue (D:13)
  20 spiny frogs
  A black mamba (shapeshifter) (D:14)
  A gargoyle (D:10)
  12 black mambas
  5 centaur skeletons
  12 komodo dragons
  2 yaktaurs (D:13)
  2 kobold demonologists (D:14)
  2 rime drakes
  2 tengu conjurers
  11 trolls
  20 merfolk
  A wolf spider simulacrum (D:15)
  A queen bee (D:10)
  4 two-headed ogres
  A harpy skeleton (D:15)
  A boulder beetle (Lair:6)
  9 slime creatures
  10 blink frogs
  4 snapping turtles
  3 shadows
  50 yaks
  A redback (Lair:5)
  A human (shapeshifter) (D:15)
  9 wyverns
  10 water elementals
  A hog (Lair:6)
  3 hungry ghosts
  15 hippogriffs
  9 wraiths
  Menkaure (D:7)
  A harpy simulacrum (D:15)
  6 wargs (Orc:2)
  3 soldier ants
  23 water moccasins
  A hell hound (Volcano)
  8 porcupines
  A black bear (Lair:4)
  35 orc warriors
  6 wasps
  A slave (D:7)
  2 necrophages
  9 ogres
  An eye of draining (D:11)
  2 phantoms
  6 wolves
  8 centaurs
  11 crocodiles
  Blork the orc (D:5)
  16 giant frogs
  8 big kobolds
  A wyvern zombie (D:11)
  A wyvern skeleton (D:14)
  5 scorpions
  A troll zombie (D:8)
  43 killer bees
  A troll skeleton (D:8)
  18 wights
  5 howler monkeys
  7 lava snakes (Volcano)
  7 crimson imps
  5 hounds
  2 human zombies (D:8)
  5 jellies
  A quasit (D:10)
  Crazy Yiuf (D:4)
  A gnoll shaman (D:8)
  13 orc priests
  16 orc wizards
  A giant frog skeleton (D:5)
  11 iguanas
  A human skeleton (D:8)
  Terence (D:2)
  20 worker ants
  A killer bee zombie (D:5)
  36 sheep
  An ogre zombie (D:8)
  3 mummies (D:8)
  2 howler monkey zombies
  2 worker ant zombies
  A howler monkey skeleton (D:9)
  15 gnolls
  20 adders
  38 river rats
  5 shadow imps
  12 white imps (D:11)
  2 oozes (Lair:6)
  3 adder skeletons
  2 worms
  3 dart slugs
  8 giant geckos
  90 orcs
  22 bats
  8 giant cockroaches
  37 goblins
  26 hobgoblins
  11 jackals
  9 quokkas
  A ball python (D:1)
  A giant gecko skeleton (D:5)
  8 giant newts
  2 goblin skeletons (D:4)
  A goblin zombie (D:4)
  2 hobgoblin zombies (D:4)
  A jackal zombie (D:7)
  36 kobolds
  2 kobold skeletons (D:4)
  An orc skeleton (D:4)
  2 orc zombies
  A quokka zombie (D:5)
  14 rats
  2 fungi
  4 plants (Lair:4)
1138 creatures vanquished.

Vanquished Creatures (collateral kills)
  3 river rats (Lair:4)
3 creatures vanquished.

Vanquished Creatures (others)
  A merfolk avatar (Shoals:3)
  3 slaves (D:7)
  A jelly (D:7)
  An orc priest (D:7)
  An orc wizard (D:7)
  A gnoll (D:7)
  A river rat (Lair:6)
  3 orcs (D:7)
  A bush (Lair:8)
  65 fungi
  21 plants
99 creatures vanquished.

Grand Total: 1240 creatures vanquished

Notes
Turn   | Place    | Note
--------------------------------------------------------------
     0 | D:1      | Murumi the Formicid Fighter began the quest for the Orb.
     0 | D:1      | Reached XP level 1. HP: 18/18 MP: 1/1
    90 | D:1      | Reached skill level 1 in Dodging
    93 | D:1      | Reached XP level 2. HP: 18/24 MP: 2/2
   269 | D:1      | Reached XP level 3. HP: 27/29 MP: 3/3
  1113 | D:2      | Noticed Terence
  1130 | D:2      | Killed Terence
  1130 | D:2      | Reached XP level 4. HP: 35/35 MP: 4/4
  1208 | D:2      | Found an opulent altar of Gozag.
  1647 | D:2      | Reached XP level 5. HP: 36/42 MP: 5/5
  2398 | D:3      | Found a deep blue altar of Sif Muna.
  2685 | D:4      | Found a staircase to the Ecumenical Temple.
  2692 | Temple   | Entered the Ecumenical Temple
  2799 | Temple   | Became a worshipper of Elyvilon the Healer
  2922 | D:4      | Noticed an ogre
  2936 | D:4      | Elyvilon protects you from harm!
  2938 | D:4      | Killed an ogre
  2938 | D:4      | Reached skill level 5 in Shields
  2938 | D:4      | Reached XP level 6. HP: 30/48 MP: 6/6
  2967 | D:4      | Reached skill level 1 in Invocations
  3038 | D:4      | Found a stormy altar of Qazlal.
  3131 | D:4      | Found a glowing golden altar of the Shining One.
  3135 | D:4      | Reached skill level 2 in Invocations
  3186 | D:4      | Reached XP level 7. HP: 53/54 MP: 8/8
  3453 | D:4      | Reached skill level 3 in Invocations
  3476 | D:4      | Found a shadowy altar of Dithmenos.
  3548 | D:4      | Reached skill level 4 in Invocations
  3750 | D:4      | Noticed Crazy Yiuf
  3758 | D:4      | Killed Crazy Yiuf
  3834 | D:5      | Entered Level 5 of the Dungeon
  3960 | D:5      | Reached skill level 5 in Invocations
  3981 | D:5      | Reached * piety under Elyvilon
  4005 | D:5      | Found Luaz's Assorted Antiques.
  4038 | D:5      | Reached skill level 6 in Invocations
  4049 | D:5      | Reached XP level 8. HP: 47/60 MP: 12/12
  4077 | D:5      | Bought a fuming black potion for 29 gold pieces
  4077 | D:5      | Bought 2 gluggy blue potions for 59 gold pieces
  4269 | D:5      | Noticed Blork the orc
  4280 | D:5      | Killed Blork the orc
  4736 | D:6      | Reached skill level 5 in Fighting
  4886 | D:6      | Reached ** piety under Elyvilon
  4952 | D:6      | Found a shattered altar of Ashenzari.
  5172 | D:6      | Reached skill level 5 in Armour
  5204 | D:6      | Reached XP level 9. HP: 47/68 MP: 13/13
  6124 | D:7      | Reached skill level 7 in Invocations
  6272 | D:7      | Noticed Pikel
  6314 | D:7      | Killed Pikel
  6385 | D:7      | Noticed Menkaure
  6386 | D:7      | Reached skill level 5 in Long Blades
  6393 | D:7      | Killed Menkaure
  6393 | D:7      | Reached XP level 10. HP: 21/79 MP: 15/15
  6724 | D:7      | Found a radiant altar of Vehumet.
  6756 | D:7      | Reached *** piety under Elyvilon
  7075 | D:7      | Reached skill level 8 in Invocations
  7229 | D:8      | Noticed Joseph
  7320 | D:8      | Killed Joseph
  7728 | D:8      | Reached skill level 5 in Dodging
  8219 | D:8      | Found a staircase to the Lair.
  8299 | D:8      | Reached XP level 11. HP: 77/84 MP: 17/17
  8319 | D:8      | Found a basalt altar of Yredelemnul.
  8440 | D:8      | Reached skill level 9 in Invocations
  8744 | D:9      | Found a snail-covered altar of Cheibriados.
  8789 | D:9      | Found an ancient bone altar of Kikubaaqudgha.
  8889 | D:9      | Found a glowing silver altar of Zin.
  9023 | D:9      | Reached **** piety under Elyvilon
  9258 | D:9      | Found a sacrificial altar of Ru.
  9504 | D:10     | Entered Level 10 of the Dungeon
 11168 | D:10     | Noticed a hill giant
 11181 | D:10     | Killed a hill giant
 11314 | D:10     | Found Barras's Assorted Antiques.
 11327 | D:10     | Bought 3 scrolls labeled CARIUH MELOA for 69 gold pieces
 11704 | D:11     | Reached skill level 10 in Shields
 11793 | D:11     | Noticed an unseen horror
 11812 | D:11     | Killed an unseen horror
 11812 | D:11     | Reached XP level 12. HP: 94/95 MP: 17/19
 11835 | D:11     | Reached skill level 10 in Invocations
 12123 | D:11     | Found a frozen archway.
 12142 | D:11     | Noticed Etesian's ghost (novice DECj)
 12247 | D:11     | Killed Etesian's ghost
 12415 | D:11     | Found a staircase to the Orcish Mines.
 12982 | Orc:1    | Entered Level 1 of the Orcish Mines
 13034 | D:10     | Bought a warped plate armour for 644 gold pieces
 13044 | D:10     | Identified the +2 plate armour of the First Snow {rF- Slay+3 SInv} (You bought it in a shop on level 10 of the Dungeon)
 13098 | Orc:1    | Reached ***** piety under Elyvilon
 13346 | Orc:1    | You fall through a shaft!
 13346 | Orc:2    | Entered Level 2 of the Orcish Mines
 13346 | Orc:2    | Found Ezafijom's General Store.
 13346 | Orc:2    | Noticed an orc warlord
 13409 | Orc:2    | Killed an orc warlord
 13409 | Orc:2    | Reached skill level 10 in Fighting
 13518 | Orc:2    | Reached skill level 10 in Armour
 13852 | Orc:2    | Reached XP level 13. HP: 87/103 MP: 20/20
 13914 | Orc:2    | Found Muares's Antique Weapon Shoppe.
 14067 | Orc:2    | Found Cont's Jewellery Shop.
 14106 | Orc:2    | Reached skill level 11 in Invocations
 14127 | Orc:2    | Bought a cursed amulet of inaccuracy for 32 gold pieces
 14176 | Orc:2    | Reached skill level 1 in Crossbows
 14468 | Orc:2    | Found Isacroh's Antique Armour Shoppe.
 14549 | Orc:2    | Bought a pair of embroidered gloves for 117 gold pieces
 14589 | Orc:2    | Noticed Nessos
 14617 | Orc:2    | Killed Nessos
 14617 | Orc:2    | Reached skill level 5 in Crossbows
 14751 | Orc:2    | Found a staircase to the Elven Halls.
 15319 | Orc:2    | Bought a runed long sword for 112 gold pieces
 15486 | Lair:1   | Entered Level 1 of the Lair of Beasts
 16599 | Lair:2   | Noticed Etesian's ghost (journeyman DrFi)
 16901 | Lair:2   | Killed Etesian's ghost
 17954 | Lair:3   | Noticed a six-headed hydra
 17983 | Lair:3   | Killed a one-headed hydra
 17983 | Lair:3   | Reached XP level 14. HP: 85/110 MP: 22/22
 18328 | Lair:3   | Reached ****** piety under Elyvilon
 19056 | Lair:4   | Reached skill level 12 in Invocations
 21394 | Lair:5   | Found a staircase to the Shoals.
 21433 | Lair:5   | Found a hole to the Spider Nest.
 21671 | Lair:6   | Found a runed door.
 21672 | Lair:6   | Found a viscous altar of Jiyva.
 21674 | Lair:6   | Found a staircase to the Slime Pits.
 21793 | Lair:6   | Reached XP level 15. HP: 26/118 MP: 24/24
 22054 | Lair:6   | Reached skill level 10 in Long Blades
 22223 | Lair:6   | Noticed Kirke
 22282 | Lair:6   | Killed Kirke
 22827 | Lair:7   | Reached skill level 10 in Crossbows
 22850 | Lair:7   | Found a dark tunnel.
 22859 | Volcano  | Entered a volcano
 23137 | Volcano  | Found a radiant altar of Vehumet.
 23996 | Lair:8   | Entered Level 8 of the Lair of Beasts
 24076 | Lair:8   | Noticed Josephine
 24099 | Lair:8   | Killed Josephine
 24134 | Lair:8   | Reached skill level 13 in Invocations
 25062 | Lair:8   | Reached XP level 16. HP: 79/127 MP: 25/25
 26044 | Orc:2    | Bought the +12 arbalest "Eproqela" {velocity, rElec Dex+6} for 1212 gold pieces
 26285 | D:12     | Noticed P0WERM0DE's ghost (journeyman OpMo)
 26608 | D:12     | Killed P0WERM0DE's ghost
 26639 | D:12     | Identified a scroll of acquirement
 26640 | D:12     | Got a transparent double sword
 26646 | D:12     | Identified the +2 double sword "Qubou" {antimagic, Int+2} (You acquired it on level 12 of the Dungeon)
 26670 | D:12     | Found Fowuequs's Distillery.
 26676 | D:12     | Bought a potion of agility for 56 gold pieces
 26676 | D:12     | Bought a potion of agility for 56 gold pieces
 26676 | D:12     | Bought 2 potions of heal wounds for 140 gold pieces
 27904 | D:13     | Noticed Frances
 27918 | D:13     | Killed Frances
 28107 | D:13     | Reached skill level 10 in Dodging
 28367 | D:13     | Found a gate to the Vaults.
 29412 | D:15     | Entered Level 15 of the Dungeon
 29412 | D:15     | Noticed nago's ghost (adept DsWn)
 29533 | D:15     | Killed nago's ghost
 29603 | D:15     | Reached skill level 14 in Invocations
 29619 | D:15     | Noticed Urug
 29678 | D:15     | Killed Urug
 29678 | D:15     | Reached XP level 17. HP: 134/134 MP: 9/27
 29758 | D:15     | Noticed Rupert
 29818 | D:15     | Killed Rupert
 30242 | D:15     | Found a staircase to the Depths.
 30342 | D:15     | Found a blossoming altar of Fedhas.
 30971 | Shoals:1 | Entered Level 1 of the Shoals
 31906 | Shoals:2 | Reached skill level 15 in Shields
 32660 | Shoals:3 | Found Paguceusai's Magic Scroll Boutique.
 32670 | Shoals:3 | Reached skill level 15 in Invocations
 33454 | Shoals:3 | Reached skill level 16 in Invocations
 33473 | Shoals:3 | Reached XP level 18. HP: 95/143 MP: 8/30
 34212 | Shoals:4 | Entered Level 4 of the Shoals
 34220 | Shoals:4 | Noticed Polyphemus
 34652 | Shoals:3 | HP: 6/143 [drowned by a water elemental (9)]
 34653 | Shoals:3 | Drowned by a water elemental

Vault maps used:
D:1:      matt_arrival_los_fun
D:2:      grunt_gozag_statues, uniq_terence
D:3:      lemuel_crystal_altar
D:4:      kennysheep_mini, nicolae_tso_besieged_by_evil,
          nicolae_dithmenos_through_a_glass_darkly,
          minmay_temple_entry_large_hall, first_bread, uniq_crazy_yiuf_cottage
D:5:      serial_shops, nicolae_shop_crystal, uniq_blork_the_orc
D:6:      minmay_goblin_kobold_castle, lemuel_coloured_pillars_altar
D:7:      kennysheep_six_static_rooms, lemuel_crystal_altar, uniq_menkaure,
          uniq_pikel
D:8:      lemuel_mausoleum_altar_yredelemnul, grunt_lair_entry_orc_guard_hut,
          uniq_joseph
D:9:      old_standard_altar, marbit_many_paths, gammafunk_temple_overflow_pools
D:10:     serial_shops, shop, special_room
D:11:     david_orc_2, portal_ice_cave_entry_imps, hangedman_pestilent_swarm
D:12:     serial_shops, shop_statue
D:13:     minmay_separated_statues, grunt_vaults_entry_fortified, uniq_frances
D:15:     grunt_enter_depths_magical_seal, basic_altar, grunt_decor_cap,
          serial_bayou_ford_a, serial_bayou_pond_b, uniq_rupert, uniq_urug
Temple:   minmay_temple_curvy_8
Lair:2:   minmay_lair_oklob_chamber
Lair:3:   lab_entry_generic, serial_bayou_shore_a, lemuel_fruit_tree
Lair:4:   wad_woods_river_01, grunt_megastairs_2
Lair:5:   elwin_shoals_entry_rooms, spider_nest_entry_a
Lair:6:   slime_altar_2, columned_hall_lemuel, lookout_lair_type,
          bh_autumn_forest_stairs, uniq_kirke
Lair:7:   nicolae_volcano_entry_lava_flow, grunt_megastairs_4,
          lemuel_fruit_fields
Lair:8:   hangedman_lair_tendril_chambers, uniq_josephine
Shoals:3: serial_shops, shop
Shoals:4: shoals_end_grunt_garden, shoals_ilsuiw_ice, uniq_polyphemus,
          uniq_mara, uniq_aizul
Orc:2:    grunt_orc_gardens, grunt_orc_garden, grunt_orc_garden,
          grunt_orc_garden, grunt_orc_garden, uniq_nessos
Volcano:  volcano_grotto

Skill      XL: |  1  2  3  4  5  6  7  8  9 10 11 12 13 14 15 16 17 |
---------------+----------------------------------------------------+-----
Dodging        | 1 2 3 4 5 6 7 9 10 | 10.0
Shields        | 4 5 6 7 9 10 11 12 13 14 15 | 15.0
Long Blades    | 3 4 5 6 7 9 10 11 | 11.7
Fighting       | 4 5 7 9 10 11 12 13 | 13.0
Armour         | 4 6 8 9 10 11 12 13 | 13.0
Invocations    | 2 6 7 8 9 10 11 12 13 14 16 | 16.0
Crossbows      | 9 10 11 | 11.0

Action                   |  1- 3 |  4- 6 |  7- 9 | 10-12 | 13-15 | 16-18 || total
-------------------------+-------+-------+-------+-------+-------+-------++-------
Melee: Long sword        |   143 |   234 |   650 |   668 |       |       ||  1695
       Scimitar          |       |       |       |  1261 |       |       ||  1261
       Great sword       |       |       |       |   102 |  1724 |   241 ||  2067
       Falchion          |       |       |       |       |    35 |    19 ||    54
       Unarmed           |       |       |       |       |    32 |       ||    32
       Double sword      |       |       |       |       |       |  1331 ||  1331
 Fire: Arbalest          |       |       |       |       |     3 |   105 ||   108
Invok: Heal Other        |       |       |     1 |       |     2 |     3 ||     6
       Greater Healing   |       |       |       |       |    10 |     6 ||    16
       Divine Vigour     |       |       |       |       |     1 |     1 ||     2
       Purification      |       |       |       |       |       |     1 ||     1
 Abil: Dig               |       |       |     8 |    25 |    31 |    17 ||    81
Evoke: Wand              |       |       |       |     1 |       |       ||     1
  Use: Scroll            |     5 |     9 |     2 |     3 |     8 |     8 ||    35
       Potion            |       |     1 |     2 |     7 |     8 |    11 ||    29
 Stab: Distracted        |       |       |       |     1 |       |       ||     1
       Invisible         |       |       |       |       |       |     3 ||     3
  Eat: Chunk             |     1 |     7 |    13 |    33 |    38 |    33 ||   125
       Fruit             |       |       |       |     4 |       |       ||     4
       Pizza             |       |       |       |     1 |     2 |     1 ||     4
       Royal jelly       |       |       |       |       |     2 |     1 ||     3
       Beef jerky        |       |       |       |       |     2 |     1 ||     3
